 Dungeon Crawl Stone Soup version 0.31-a0-233-g139696dc86 (webtiles) character file.

Game seed: 12929428402349790435

684 qw the Skirmisher (level 7, -2/56 (59) HPs)
             Began as a Minotaur Hexslinger on July 8, 2023.
             Slain by a gnoll
             ... wielding a +0 whip
              (9 damage)
             ... on level 5 of the Dungeon.
             The game lasted 00:01:47 (4938 turns).

qw the Skirmisher (Minotaur Hexslinger)             Turns: 4938, Time: 00:01:47

HP:   -2/56 (59)    AC:  5    Str: 13    XL:     7   Next: 35%
MP:   7/7           EV: 11    Int: 10    God:
Gold: 178           SH:  0    Dex: 14    Spells: 7/8 levels left

rFire   + . .        Y - +1 sling
rCold   + + .        (no shield)
rNeg    . . .        a - +0 ring mail
rPois   .            (helmet restricted)
rElec   .            i - scarf {rC+ rF+}
rCorr   .            (no gloves)
SInv    .            (no boots)
Will    +....        l - amulet of faith
Stlth   +            h - ring of willpower
HPRegen 0.29/turn    m - ring of protection from cold
MPRegen 0.10/turn

%: faith
@: about to teleport, drained
A: horns 2, retaliatory headbutt
a: no special abilities


You were on level 5 of the Dungeon.
You visited 1 branch of the dungeon, and saw 6 of its levels.

You collected 178 gold pieces.


Innate Abilities, Weirdness & Mutations

You have a pair of horns on your head.
You reflexively headbutt those who attack you in melee.


   Skills:
 + Level 4.1 Fighting
 - Level 8.2 Ranged Weapons
 - Level 1.1 Armour
 - Level 2.1 Dodging
 - Level 1.0 Spellcasting
 - Level 2.0 Hexes


You had 7 spell levels left.
You knew the following spells:

 Your Spells              Type           Power      Damage    Failure   Level
a - Slow                  Hex            16%        N/A       32%         1

Your spell library contained the following spells:

 Spells                   Type           Power      Damage    Failure   Level
 Inner Flame              Hex/Fire       2%         N/A       82%         3
 Portal Projectile        Hex/Tloc       4%         N/A       82%         3
 Cause Fear               Hex            2%         N/A       97%         4

Inventory:

Hand Weapons
 Y - a +1 sling (weapon)
Armour
 a - a +0 ring mail (worn)
 i - a scarf of resistance (worn)
Jewellery
 d - a ring of fire
 h - a ring of willpower (left hand)
 l - an amulet of faith (around neck)
 m - a ring of protection from cold (right hand)
Wands
 o - a wand of digging (5)
Scrolls
 b - a scroll of identify
 e - a scroll of enchant armour
Potions
 g - a potion of berserk rage {unknown}
 j - a potion of invisibility {unknown}
 k - a potion of enlightenment {unknown}
 n - a potion of cancellation

Dungeon Overview and Level Annotations

Branches:
Dungeon (6/15)
 Temple: D:4-7

Altars:
Fedhas
Gozag
Nemelex Xobeh
Ru
Wu Jian

Shops:
D:3 (


Message History

Enter note:
Enter note:
Enter note:
Enter note:
Enter note:
Enter note:
Enter note:
Enter note:
Enter note: You shoot a sling bullet.
The sling bullet hits the gnoll.
You kill the gnoll!
The gnoll hits you with a +0 flail. The gnoll hits you with a +0 whip!
The gnoll misses you.
You shoot a sling bullet. The sling bullet hits the gnoll.
The gnoll is moderately wounded.
The gnoll closely misses you. The gnoll misses you.
The gnoll hits you with a +0 spear.
You shoot a sling bullet.
The sling bullet closely misses the gnoll.
The gnoll closely misses you. You furiously retaliate!
You headbutt the gnoll. The gnoll barely misses you. You furiously retaliate!
You headbutt the gnoll. The gnoll barely misses you.
You shoot a sling bullet.
The sling bullet barely misses the gnoll.
The gnoll closely misses you. The gnoll misses you.
The gnoll hits you with a +0 spear.
4936 ||| READING scroll of teleportation.
As you read the scroll of teleportation, it crumbles to dust.
You feel strangely unstable. The gnoll misses you. The gnoll barely misses you.
The gnoll hits you with a +0 spear.
You shoot a sling bullet.
The sling bullet completely misses the gnoll.
The gnoll barely misses you. You furiously retaliate!
You headbutt the gnoll, but do no damage.
The gnoll hits you with a +0 whip. The gnoll closely misses you.
You shoot a sling bullet. The sling bullet hits the gnoll.
You kill the gnoll!
The gnoll hits you with a +0 whip!
You die...

##.####...................))###
### ##..###........####....##
##.####.......# ##)..### #...#
##....### #....##. ##..##
###...######.#.#.. ##....#
#.................
##....####..............###
#......#.................#.
###......g@)............##(
#......)g................
##...##..................
#...###...#..........#.. ##.##
##.####........#.. ###
#....#...##.....#
#...!...#####...# ####...##
##..# #...# ####


You could see 2 gnolls.

Vanquished Creatures
  A phantom (D:5)
  4 scorpions
  A hound (D:5)
  2 jellies
  A sleepcap (D:4)
  An iguana (D:5)
  Ijyb (D:5)
  An orc wizard (D:5)
  2 gnolls (D:5)
  5 adders
  A shadow imp (D:5)
  2 white imps (D:5)
  An ufetubus (D:5)
  3 worms
  4 dart slugs
  5 orcs
  3 ball pythons
  10 endoplasms
  6 giant cockroaches
  6 goblins
  10 hobgoblins
  8 jackals
  6 quokkas
  2 bats
  2 frilled lizards (D:1)
  12 kobolds
  5 rats
105 creatures vanquished.

Notes
Turn   | Place    | Note
-------+----------+-------------------------------------------
     0 | D:1      | qw the Minotaur Hexslinger began the quest for the Orb.
     0 | D:1      | Reached XP level 1. HP: 16/16 MP: 1/1
     0 | D:1      | 0 ||| qw: Version: 0.3-a-46-gb1f654a
     0 | D:1      | 0 ||| qw: Game counter: 3747
     0 | D:1      | 0 ||| qw: Melee chars always use a shield: true
     0 | D:1      | 0 ||| qw: God list: Okawaru
     0 | D:1      | 0 ||| qw: Allow faded altars: false
     0 | D:1      | 0 ||| qw: Do Orc after clearing Dungeon:15 true
     0 | D:1      | 0 ||| qw: Do second Lair branch before Depths: true
     0 | D:1      | 0 ||| qw: Lair rune preference: random
     0 | D:1      | 0 ||| qw: Goals: Normal
     0 | D:1      | 0 ||| PLANNING D:1-11
    75 | D:1      | Reached skill level 3 in Ranged Weapons
    81 | D:1      | Reached XP level 2. HP: 23/23 MP: 2/2
   518 | D:1      | Reached XP level 3. HP: 29/29 MP: 3/3
   606 | D:1      | 606 ||| READING scroll labelled ZIEJAU MAUNWU.
   607 | D:1      | 607 ||| DROPPING scroll of poison.
   629 | D:2      | 629 ||| STAIRDANCE
   879 | D:2      | Reached skill level 4 in Ranged Weapons
  1023 | D:2      | Found a faded altar of an unknown god.
  1475 | D:2      | 1475 ||| UPGRADING to +0 ring mail.
  1485 | D:2      | 1485 ||| DROPPING +0 robe.
  1486 | D:2      | 1486 ||| UPGRADING to scarf of resistance.
  1491 | D:2      | 1491 ||| UPGRADING to ring of willpower.
  1492 | D:2      | 1492 ||| READING scroll labelled TACVEMADOH.
  1493 | D:2      | 1493 ||| READING 2 scrolls labelled ACZUOL CUSUNES.
  1494 | D:2      | 1494 ||| READING scroll labelled BUUPPA ZEGA.
  1497 | D:2      | 1497 ||| READING 2 scrolls labelled NAZUCHY XIGA.
  1498 | D:2      | 1498 ||| READING scroll labelled NIDYNU ZIBU.
  1599 | D:2      | 1599 ||| DRINKING 3 lumpy white potions.
  1600 | D:2      | 1600 ||| DROPPING scroll of revelation.
  1649 | D:3      | Reached XP level 4. HP: 36/36 MP: 4/4
  1666 | D:3      | Found Fuengoe's Antique Weapon Boutique.
  1727 | D:3      | Reached skill level 1 in Armour
  1819 | D:3      | Found an ornate altar of the Wu Jian Council.
  2139 | D:3      | Reached skill level 5 in Ranged Weapons
  2329 | D:3      | Found a sparkling altar of Nemelex Xobeh.
  2348 | D:3      | 2348 ||| READING scroll labelled IRGHAE DUALON.
  2466 | D:4      | Noticed a scorpion
  2475 | D:4      | HP: 8/37 [scorpion (4)]
  2476 | D:4      | 2476 ||| DRINKING 3 potions of heal wounds.
  2480 | D:4      | 2480 ||| DRINKING 2 potions of heal wounds.
  2486 | D:4      | Killed a scorpion
  2487 | D:4      | Reached skill level 3 in Fighting
  2487 | D:4      | Reached XP level 5. HP: 19/46 MP: 5/5
  2669 | D:4      | Found an opulent altar of Gozag.
  2673 | D:4      | Found a blossoming altar of Fedhas.
  2724 | D:4      | 2724 ||| FLEEEEING.
  2725 | D:4      | 2725 ||| FLEEEEING.
  2726 | D:4      | 2726 ||| STAIRDANCE
  2882 | D:4      | Reached skill level 6 in Ranged Weapons
  2882 | D:4      | Reached XP level 6. HP: 48/52 MP: 6/6
  2973 | D:4      | Found a sacrificial altar of Ru.
  3083 | D:4      | HP: 4/52 [sleepcap (13)]
  3084 | D:4      | 3084 ||| DRINKING 2 potions of heal wounds.
  3559 | D:4      | 3559 ||| UPGRADING to amulet of faith.
  3564 | D:4      | 3564 ||| UPGRADING to ring of protection from cold.
  3565 | D:4      | 3565 ||| READING scroll labelled SAWKURH ACIXY.
  3654 | D:4      | 3654 ||| READING 2 scrolls of identify.
  3654 | D:4      | 3654 ||| IDENTIFYING white potion
  3655 | D:4      | 3655 ||| DROPPING potion of brilliance.
  3717 | D:5      | Entered Level 5 of the Dungeon
  3917 | D:5      | HP: 10/52 [iguana (13)]
  3918 | D:5      | 3918 ||| DRINKING potion of heal wounds.
  4076 | D:5      | Reached skill level 7 in Ranged Weapons
  4196 | D:5      | HP: 10/52 [acid (6)]
  4199 | D:5      | Reached XP level 7. HP: 12/59 MP: 7/7
  4419 | D:5      | Noticed Ijyb
  4438 | D:5      | Killed Ijyb
  4638 | D:5      | Reached skill level 8 in Ranged Weapons
  4915 | D:5      | 4915 ||| READING scroll labelled TUDGHI TOME.
  4916 | D:5      | 4916 ||| DRINKING 2 cyan potions.
  4917 | D:5      | 4917 ||| READING 2 scrolls of identify.
  4917 | D:5      | 4917 ||| IDENTIFYING smoky amethyst potion
  4918 | D:5      | 4918 ||| DROPPING potion of attraction.
  4930 | D:6      | 4930 ||| STAIRDANCE
  4935 | D:5      | HP: 12/56 [gnoll/+0 spear (4)]
  4936 | D:5      | 4936 ||| READING scroll of teleportation.
  4938 | D:5      | Slain by a gnoll

Levels and vault maps discovered:
D:1:      lemuel_arrival_behind_the_door_small, layout_basic
D:2:      layout_loops_corners, hellmonk_ecumenical_altar_lost_god,
          kennysheep_generic_room_5
D:3:      layout_loops_ring, pdpol_wu_jian_five_deadly_venoms,
          nemelex_dance_club_becter, serial_shops, nicolae_shop_stone
D:4:      layout_basic, kennysheep_mini_moat,
          mainiacjoe_overflow_large_starburst, supply_closet_lemuel
D:5:      layout_cave_pools, minmay_door_square, minmay_misc_feat_columns,
          uniq_ijyb
D:6:      layout_loops_cross, general_overflow_altar,
          minmay_temple_entry_poolview, kennysheep_generic_room_4

Skill      XL: |  1  2  3  4  5  6  7 |
---------------+----------------------+-----
Ranged Weapons | 3 4 5 6 7 8 |  8.2
Fighting       | 2 3 4 |  4.1
Armour         | 1 |  1.1
Dodging        | |  2.1
Spellcasting   | |  1.0
Hexes          | |  2.0

Action                     |  1- 3 |  4- 6 |  7- 9 || total
---------------------------+-------+-------+-------++-------
   Fire: Sling             |   105 |   238 |    69 ||   412
    Use: Scroll            |     6 |     3 |     3 ||    12
         Potion            |     1 |     4 |     1 ||     6
 Armour: Robe              |     4 |       |       ||     4
         Ring mail         |     3 |    38 |    16 ||    57
  Dodge: Dodged            |    23 |    69 |    40 ||   132

Table legend:
 A = Non-vault XP
 B = Vault XP
 C = Vault XP percentage of total XP
 D = Non-vault monster count
 E = Vault monster count
 F = Vault count percentage of total count
                 A         B        C        D         E       F
            +---------+---------+-------+---------+---------+-------
      Total |     945 |      48 |   4.8 |     100 |       5 |   4.8
            +---------+---------+-------+---------+---------+-------
        D:1 |      44 |       0 |   0.0 |      25 |       0 |   0.0
        D:2 |      39 |       7 |  15.2 |      14 |       2 |  12.5
        D:3 |      71 |       5 |   6.6 |      19 |       2 |   9.5
        D:4 |     358 |       0 |   0.0 |      25 |       0 |   0.0
        D:5 |     433 |      36 |   7.7 |      17 |       1 |   5.6
            +---------+---------+-------+---------+---------+-------
